 Dungeon Crawl Stone Soup version 0.27-a0-660-g90476cec82 (webtiles) character file.

Game seed: 3582385354579576276

1287 shoop the Cleaver (level 8, -5/67 HPs)
             Began as a Palentonga Abyssal Knight on Mar 16, 2021.
             Was a Priest of Lugonu.
             Splashed by a gnoll's acid (17 damage)
             ... on level 6 of the Dungeon.
             The game lasted 00:15:18 (5708 turns).

shoop the Cleaver (Palentonga Abyssal Knight)       Turns: 5708, Time: 00:15:18

Health: -5/67      AC: 10    Str: 17    XL:     8   Next: 30%
Magic:  21/21      EV:  8    Int: 14    God:    Lugonu [***...]
Gold:   325        SH:  0    Dex:  9    Spells: 7/7 levels left

rFire    + . .     SeeInvis +   a - +1 hand axe
rCold    + . .     Faith    .   (no shield)
rNeg     . . .     Spirit   .   i - +0 ring mail {rPois}
rPois    +         Reflect  .   d - +0 helmet
rElec    .         Harm     .   C - scarf {rC+ rF+}
rCorr    .         Rampage  .   (no gloves)
Will     +....                  (no barding)
Stlth    ..........             m - amulet of regeneration
HPRegen  1.21/turn              c - ring of magical power
MPRegen  0.17/turn              w - ring of willpower

@: corroded, curled up
A: large, rugged brown scales 3, see invisible, deformed body, roll 1, armoured
tail, reflexive curl
a: Rolling Charge, Renounce Religion, Depart the Abyss, Bend Space, Banish


You were on level 6 of the Dungeon.
You worshipped Lugonu.
Lugonu was most pleased with you.
You visited 1 branch of the dungeon, and saw 6 of its levels.
You visited the Abyss 1 time.
You also visited: Sewer.

You collected 325 gold pieces.

Inventory:

Hand Weapons
 a - a +1 hand axe (weapon)
Missiles
 B - 7 boomerangs (quivered)
 D - 5 silver boomerangs
Armour
 b - a +0 leather armour
 d - a +0 helmet (worn)
 i - a +0 ring mail of poison resistance (worn)
 C - a scarf of resistance (worn)
Jewellery
 c - a ring of magical power (right hand)
 f - a +6 ring of intelligence
 h - a ring of positive energy
 j - a ring of see invisible
 m - an amulet of regeneration (around neck)
 r - an amulet of guardian spirit
 u - a ring of wizardry
 w - a ring of willpower (left hand)
Wands
 o - a wand of mindburst (10)
 v - a wand of charming (8)
Scrolls
 e - 3 scrolls of magic mapping {unknown}
 s - 2 scrolls of teleportation {unknown}
 y - a scroll of fear {unknown}
 E - 3 scrolls of random uselessness {unknown}
Potions
 g - 5 potions of curing {unknown}
 k - 3 potions of haste
 l - 2 potions of cancellation
 n - a potion of ambrosia
 p - a potion of attraction
 q - 2 potions of degeneration {unknown}
 t - a potion of brilliance
 x - 2 potions of might {unknown}
 z - 3 potions of magic {unknown}
 A - 2 potions of heal wounds {unknown}


   Skills:
 - Level 3.0 Fighting
 * Level 8.3 Axes
 - Level 2.0 Armour
 - Level 0.7 Dodging
 + Level 6.1 Invocations
 - Level 2.0 Evocations


You had 7 spell levels left.
You didn't know any spells.
Your spell library contained the following spells:

 Spells                   Type           Power      Damage    Failure   Level
 Magic Dart               Conj           0%         1d3       45%         1
 Blink                    Tloc           N/A        N/A       61%         2
 Call Imp                 Summ           0%         N/A       61%         2
 Slow                     Hex            0%         N/A       61%         2
 Conjure Flame            Conj/Fire      0%         6-21      83%         3
 Mephitic Cloud           Conj/Pois/Air  0%         N/A       83%         3
 Haunt                    Necr/Summ      0%         N/A       100%        7
 Malign Gateway           Summ/Tloc      0%         N/A       100%        7
 Monstrous Menagerie      Summ           0%         N/A       100%        7
 Summon Horrible Things   Summ           0%         N/A       100%        8


Dungeon Overview and Level Annotations

Branches:
Dungeon (6/15)              Sewer (visited)
 Temple: D:4-7

Altars:
Sif Muna


Innate Abilities, Weirdness & Mutations

You are completely covered in rugged brown scales. (AC +3, +7% HP)
You have supernaturally acute eyesight. (SInv)
Armour fits poorly on your strangely shaped body.
You can roll at nearby foes to attack.
You have a long armoured tail.
You curl defensively after being hit.


Message History

There is a stone staircase leading down here.
A gnoll is nearby!
Unknown command.
Throw: 7 boomerangs
Press: ? - help, Q - select action, (/) - cycle Shift-Dir - straight line, f - gnoll
Aim: a gnoll, wielding a +0 spear and carrying a wand of acid (5) (wandering, hasn't noticed you, 58% to hit)
You throw a boomerang. The boomerang barely misses the gnoll.
The gnoll shouts!
There is a stone staircase leading down here.
You see here a +0 falchion.
You start waiting.
A gnoll is nearby!
Roll where?
Press: ? - help, Dir - move target, f/p - gnoll
Aim: a gnoll, wielding a +0 spear and carrying a wand of acid (5)
You roll forward with a clatter of scales!
You closely miss the gnoll.
The gnoll zaps a wand.
The bolt of acid hits you!! The acid corrodes you!
You are splashed with acid!
Unknown command.
You hit the gnoll.
The gnoll is lightly wounded.
The gnoll barely misses you.
You hit the gnoll but do no damage.
The gnoll is lightly wounded.
The gnoll closely misses you.
You hit the gnoll but do no damage.
The gnoll is lightly wounded.
The gnoll hits you with a +0 spear!
You hit the gnoll. You tail-slap the gnoll.
The gnoll is heavily wounded.
The gnoll closely misses you.
You hit the gnoll but do no damage.
The gnoll is heavily wounded.
The gnoll hits you with a +0 spear!
You hit the gnoll but do no damage.
The gnoll is heavily wounded.
The gnoll zaps a wand.
The bolt of acid hits you!
* * * LOW HITPOINT WARNING * * *
You are splashed with acid!
You die...

.......#.#.#.#.#.#.#.#.###
.........................#
.......#.#.#.#.#.#.#.#.#.#####
.....>.......................#
##.#g..#.#.#.#.#.#.#.#.#..##.#
#.####>................####.#
#.....#.#.#.#.#.#.#.#.#.....#
#####.........g.........#####
#.#.#.#.#.#@#.#.#.###
#...#######.##..##.# #####
#.##..##.# #........#
#.######## #.# #.# #.# #.#


You could see a gnoll.

Vanquished Creatures
  2 black bears (D:6)
  An ice beast (D:6)
  A centaur (D:6)
  2 bullfrogs (D:6)
  3 scorpions
  3 hounds
  2 orc priests
  Jessica (D:3)
  10 worker ants
  A hound zombie (D:6)
  2 gnolls (D:6)
  A river rat (Sewer)
  10 adders
  A shadow imp (D:6)
  2 oozes
  An adder skeleton (D:6)
  A worm (D:4)
  A dart slug (D:4)
  4 leopard geckos
  13 orcs
  9 bats
  A giant cockroach (D:1)
  8 goblins
  7 hobgoblins
  8 kobolds
  4 quokkas
  3 ball pythons
  14 frilled lizards
  14 rats
130 creatures vanquished.

Notes
Turn   | Place    | Note
-------+----------+-------------------------------------------
     0 | Abyss:1  | shoop the Palentonga Abyssal Knight began the quest for the
                  | Orb.
     0 | Abyss:1  | Reached XP level 1. HP: 20/20 MP: 2/2
    81 | Abyss:2  | Noticed a raiju
    82 | Abyss:2  | Noticed a raiju
    83 | Abyss:2  | Noticed a raiju
    83 | Abyss:2  | Noticed a raiju
    84 | D:1      | Escaped the Abyss
   424 | D:1      | Reached XP level 2. HP: 26/27 MP: 3/3
   453 | D:1      | Reached * piety under Lugonu
   457 | D:1      | Reached skill level 3 in Axes
  1051 | D:2      | Reached XP level 3. HP: 29/33 MP: 4/4
  1564 | D:2      | Found a shimmering blue altar of Sif Muna.
  1708 | D:2      | Found a faded altar of an unknown god.
  2004 | D:2      | Reached skill level 4 in Axes
  2228 | D:3      | Reached XP level 4. HP: 36/40 MP: 5/5
  2397 | D:3      | Reached skill level 5 in Axes
  2450 | D:3      | Reached ** piety under Lugonu
  2451 | D:3      | Noticed Jessica
  2630 | D:3      | Reached XP level 5. HP: 48/48 MP: 6/6
  2801 | D:3      | Killed Jessica
  3146 | D:4      | Reached skill level 6 in Axes
  3196 | D:4      | Reached XP level 6. HP: 54/54 MP: 7/7
  3765 | D:4      | Found a glowing drain.
  3779 | Sewer    | Entered a sewer
  3853 | Sewer    | Reached skill level 1 in Evocations
  4109 | Sewer    | Reached *** piety under Lugonu
  4257 | D:5      | Entered Level 5 of the Dungeon
  4717 | D:6      | Noticed an ice beast
  4785 | D:6      | Gained mutation: You curl defensively after being hit.
                  | [Palentonga growth]
  4785 | D:6      | Reached XP level 7. HP: 57/60 MP: 9/9
  4986 | D:6      | Reached skill level 5 in Invocations
  4986 | D:6      | Reached skill level 7 in Axes
  5176 | D:6      | Reached XP level 8. HP: 65/67 MP: 12/12
  5283 | D:6      | Reached skill level 8 in Axes
  5708 | D:6      | Splashed by a gnoll's acid

Illustrated notes

Levels and vault maps discovered:
D:1:      nicolae_arrival_memento_mori, layout_rooms
D:2:      layout_basic, general_overflow_altar,
          chequers_ecumenical_altar_simple_redux
D:3:      layout_loops_ring, uniq_jessica
D:4:      layout_loops_cross, cheibrodos_sewer_entry_bend
D:5:      layout_basic
D:6:      layout_basic, st_stairs_11

Skill      XL: |  1  2  3  4  5  6  7  8 |
---------------+-------------------------+-----
Axes           | 3 4 5 6 7 8 |  8.3
Evocations     | 2 |  2.0
Armour         | 2 |  2.0
Invocations    | 5 6 |  6.1
Fighting       | |  3.0
Dodging        | |  0.7

Action                   |  1- 3 |  4- 6 |  7- 9 || total
-------------------------+-------+-------+-------++-------
Melee: Hand axe          |   108 |   236 |   168 ||   512
       Tailslap          |    10 |    19 |    19 ||    48
Throw: Boomerang         |       |       |     2 ||     2
Invok: Depart the Abyss  |     1 |       |       ||     1
 Abil: Rolling Charge    |     2 |    11 |     8 ||    21
  Use: Scroll            |       |     4 |       ||     4
Armor: Leather armour    |     8 |       |       ||     8
       Ring mail         |    44 |    68 |    65 ||   177
Dodge: Dodged            |    51 |    81 |    67 ||   199

Table legend: (Time is in decaauts)
 A = Elapsed time spent in this place.
 B = Non-inter-level travel time spent in this place.
 C = Inter-level travel time spent in this place.
 D = Time resting spent in this place.
 E = Time spent auto-exploring this place.
 F = Levels seen in this place.
 G = Mean time per level.
                   A        B        C        D        E       F      G
               +--------+--------+--------+--------+--------+-----+--------+
         Total |   5767 |   5355 |    412 |     82 |   3986 |   9 |  640.8 |
       Dungeon |   5261 |   4849 |    412 |     82 |   3623 |   6 |  876.8 |
         Abyss |     83 |     83 |      0 |      0 |     65 |   2 |   41.5 |
         Sewer |    422 |    422 |      0 |      0 |    298 |   1 |  422.0 |
               +--------+--------+--------+--------+--------+-----+--------+

Top non-repeatable levels by time:
     D:2: 1246 daAuts
     D:1: 954 daAuts
     D:3: 852 daAuts
     D:6: 842 daAuts
     D:4: 765 daAuts
     D:5: 600 daAuts
   Sewer: 422 daAuts
 Abyss:1: 42 daAuts
 Abyss:2: 41 daAuts
